 Dungeon Crawl Stone Soup version 0.19-a0-27-g415f530 (webtiles) character file.

73 Mefis the Magician (level 4, -9/24 HPs)
             Began as a Deep Elf Wizard on May 1, 2016.
             Mangled by a gnoll
             ... wielding a +0 spear
              (10 damage)
             ... on level 2 of the Dungeon.
             The game lasted 00:06:42 (2041 turns).

Mefis the Magician (Deep Elf Wizard)                Turns: 2041, Time: 00:06:43

Health: -9/24      AC:  2    Str:  4    XL:     4   Next: 8%
Magic:  11/13      EV:  8    Int: 24    God:
Gold:   39         SH:  0    Dex: 13    Spells: 5 memorised, 3 levels left

rFire  . . .     SeeInvis .     (no weapon)
rCold  + . .     Gourm    .     a - +0 robe
rNeg   . . .     Faith    .     (no shield)
rPois  .         Spirit   .     b - +0 hat
rElec  .         Dismiss  .     (no cloak)
rCorr  .         Reflect  .     (no gloves)
SustAt .         Harm     .     (no boots)
MR     .....                    (no amulet)
Stlth  ++........               (no ring)
                                j - ring of protection from cold

@: repel missiles, not resistant to hostile enchantments, unstealthy
A: no striking features
a: no special abilities


You were on level 2 of the Dungeon.
You were not hungry.

You visited 1 branch of the dungeon, and saw 3 of its levels.

You collected 39 gold pieces.

Inventory:

Armour
 a - a +0 robe (worn)
 b - a +0 hat (worn)
Jewellery
 j - a ring of protection from cold (left hand)
 s - an uncursed amulet of guardian spirit
Scrolls
 f - 4 scrolls of identify {unknown}
 o - 2 scrolls of remove curse {unknown}
 r - a scroll of teleportation {unknown}
 u - a scroll of amnesia {unknown}
Potions
 e - a potion of degeneration {unknown}
 h - a potion of magic {unknown}
 i - a potion of berserk rage {unknown}
 k - 2 potions of agility
 m - a potion of curing {unknown}
 n - a potion of might {unknown}
 p - a potion of invisibility {unknown}
 q - a potion of flight {unknown}
Books
 c - a book of Minor Magic

   Spells                             Type                      Level
   a - Magic Dart                     Conjuration                  1
   b - Blink                          Translocation                2
   c - Call Imp                       Summoning                    2
   d - Repel Missiles                 Charms/Air                   2
   e - Slow                           Hexes                        2
   f - Conjure Flame                  Conjuration/Fire             3
   g - Mephitic Cloud                 Conjuration/Poison/Air       3
 t - a book of Envenomations

   Spells                             Type                      Level
   a - Spider Form                    Transmutation/Poison         3
   b - Olgreb's Toxic Radiance        Poison                       4
   c - Alistair's Intoxication        Transmutation/Poison         5
   d - Poisonous Cloud                Conjuration/Poison/Air       6
Comestibles
 d - a bread ration
 g - 2 slices of pizza
 l - a meat ration


   Skills:
 + Level 2.8 Dodging
 + Level 2.7 Stealth
 + Level 5.4 Spellcasting
 + Level 2.0 Conjurations
 + Level 1.7 Charms
 + Level 1.5 Summonings
 + Level 1.5 Translocations
 + Level 0.0 Transmutations
 + Level 0.0 Poison Magic


You had 3 spell levels left.
You knew the following spells:

 Your Spells              Type           Power        Failure   Level  Hunger
a - Magic Dart            Conj           ###.         4%          1    None
b - Call Imp              Summ           ##......     10%         2    None
c - Blink                 Tloc           N/A          10%         2    None
d - Repel Missiles        Chrm/Air       ##....       12%         2    None
e - Spider Form           Trmt/Pois      #.........   30%         3    ##.....


Dungeon Overview and Level Annotations

Branches:
Dungeon (3/15)

Altars:


Message History

Your magical contamination has completely faded away.
Casting: Call Imp
Confirm with . or Enter, or press ? or * to list all spells.
Aiming: Magic Dart
Press: ? - help, Shift-Dir - straight line, f - gnoll
Aim: a gnoll, wielding a spear The magic dart hits the gnoll.
The gnoll is lightly wounded.
Casting: Magic Dart
Confirm with . or Enter, or press ? or * to list all spells.
Aiming: Magic Dart
Press: ? - help, Shift-Dir - straight line, f/p - gnoll
Aim: a gnoll, wielding a spear (lightly wounded)
The magic dart hits the gnoll.
The gnoll is moderately wounded.
The gnoll hits you from afar with a spear.
* * * LOW HITPOINT WARNING * * *
There is a stone staircase leading down here.
The gnoll hits you from afar with a spear!
You die...

.##### #.# #.# ...g.#
#.###.# ...#.#
#.....#####
.#.#.####.g.......#
..........###.###.#
.###.###..###.#.#.# .#
#.# #..#...#.#.#
.###.###......#...###
..............g.@...# ##
....................#...
..#####...#.#.#..#..#.#
..# #....#...........# .
..####..#...........#.##.
........#...........>...
............#.#...#.#.##
......................# #
.##.....#...#.#.#.#.###
..


You could see a gnoll.

Vanquished Creatures
  3 gnolls
  A dart slug (D:1)
  A giant gecko (D:1)
  4 bats (D:1)
  A giant cockroach (D:1)
  A goblin (D:2)
  3 hobgoblins
  11 jackals
  3 kobolds (D:1)
  3 giant newts (D:1)
  A rat (D:1)
32 creatures vanquished.

Vanquished Creatures (collateral kills)
  A hobgoblin (D:1)
  2 jackals (D:1)
  2 bats (D:1)
  A giant newt (D:2)
6 creatures vanquished.

Grand Total: 38 creatures vanquished

Notes
Turn   | Place    | Note
--------------------------------------------------------------
     0 | D:1      | Mefis the Deep Elf Wizard began the quest for the Orb.
     0 | D:1      | Reached XP level 1. HP: 10/10 MP: 7/7
    96 | D:1      | Reached skill level 5 in Spellcasting
    96 | D:1      | Reached XP level 2. HP: 15/15 MP: 0/10
   100 | D:1      | Learned a level 2 spell: Call Imp
   103 | D:1      | Learned a level 2 spell: Blink
   106 | D:1      | Learned a level 2 spell: Repel Missiles
   308 | D:1      | Reached skill level 1 in Charms
   979 | D:1      | Reached XP level 3. HP: 19/19 MP: 7/11
  1734 | D:3      | Learned a level 3 spell: Spider Form
  2019 | D:2      | Reached XP level 4. HP: 3/24 MP: 10/13
  2038 | D:2      | HP: 1/24 [gnoll/spear (4)]
  2041 | D:2      | Mangled by a gnoll

Vault maps used:
D:1:      wheals_arrival_linesprint, hex_medium
D:2:      xom_butterflies
D:3:      uniq_natasha, uniq_grinder

Skill      XL: |  1  2  3 |
---------------+----------+-----
Spellcasting   | 5 |  5.4
Charms         | 1 |  1.7
Conjurations   | 2 |  2.0
Dodging        | |  2.8
Stealth        | |  2.7
Summonings     | |  1.5
Translocations | |  1.5

Action                   |  1- 3 |  4- 6 || total
-------------------------+-------+-------++-------
Melee: Unarmed           |     9 |       ||     9
 Cast: Magic Dart        |    82 |     2 ||    84
       Repel Missiles    |     1 |       ||     1
       Call Imp          |     9 |       ||     9
       Spider Form       |     1 |       ||     1
  Eat: Chunk             |     3 |       ||     3
Armor: Robe              |    29 |       ||    29
Dodge: Dodged            |    76 |       ||    76
